 Dungeon Crawl Stone Soup version bcrawl-1.19.2-6-g6a88ae04c9 (webtiles) character file.

Game seed: 9491934048543111531

476 Mrkan the Cudgeler (level 7, -9/44 HPs)
             Began as a Gargoyle Fighter on Jan 14, 2020.
             Killed by divine providence
             ... invoked by an orc priest
              (13 damage)
             ... on level 4 of the Dungeon.
             The game lasted 00:03:56 (3411 turns).

Mrkan the Cudgeler (Gargoyle Fighter)               Turns: 3411, Time: 00:03:56

Health: -9/44      AC:  6    Str: 19    XL:     7   Next: 10%
Magic:  7/7        EV:  5    Int:  9    God:
Gold:   289        SH:  9    Dex: 11    Spells: 6/6 levels left

rFire    . . .     SeeInvis .   d - +2 whip (drain)
rCold    . . .     Gourm    .   c - +0 shield
rNeg     + . .     Faith    .   o - +0 chain mail
rPois    ∞         Spirit   .   (no helmet)
rElec    +         Reflect  .   e - scarf {repulsion}
rCorr    .         Harm     .   (no gloves)
MR       .....                  (no boots)
Stlth    ..........             (no amulet)
HPRegen  0.14/turn              (no ring)
MPRegen  0.10/turn              (no ring)

@: corroded, repel missiles
A: negative energy resistance 1, electricity resistance, unbreathing,
petrification resistance, rot immunity, AC +4
a: no special abilities


You were on level 4 of the Dungeon.
You were hungry.

You visited 1 branch of the dungeon, and saw 4 of its levels.

You collected 289 gold pieces.

Inventory:

Hand Weapons
 d - a +2 whip of draining (weapon)
 r - the +8 trident "Ruuwol" {pierce, MR+ Str+4, unknown}
   (You found it on level 4 of the Dungeon)

   It inflicts extra damage upon your enemies.
   It affects your strength (+4).
   It affects your resistance to hostile enchantments.
Missiles
 p - 2 throwing nets (quivered) {!f}
Armour
 c - a +0 shield (worn)
 e - a scarf of repulsion (worn)
 o - a +0 chain mail (worn)
Jewellery
 h - an uncursed ring of resist corrosion {unknown}
Scrolls
 b - a scroll of noise {unknown}
 g - a scroll of fear {unknown}
 i - 2 scrolls of teleportation {unknown}
 j - 3 scrolls of identify {unknown}
 k - 2 scrolls of remove curse {unknown}
 t - 2 scrolls of enchant armour {unknown}
Potions
 l - a potion of heal wounds {unknown}
 n - a potion of mutation {unknown}
 q - 2 potions of flight {unknown}
 s - a potion of haste
Comestibles
 f - 7 rations {!d}


   Skills:
 + Level 4.8 Fighting
 * Level 4.9 Maces & Flails
 + Level 4.8 Armour
 + Level 4.8 Shields


You had 6 spell levels left.
You didn't know any spells.
Your spell library contained the following spells:

 Spells                   Type           Power        Failure   Level  Hunger
 Animate Skeleton         Necr           N/A          100%        1    ##.....
 Apportation              Tloc           #.....       100%        1    ##.....
 Infusion                 Chrm           #.......     100%        1    ##.....
 Pain                     Necr           #.....       100%        1    ##.....
 Sandblast                Erth           #.....       100%        1    ##.....
 Slow                     Hex            #.......     100%        1    ##.....
 Summon Butterflies       Summ           #.......     100%        1    ##.....
 Regeneration             Chrm/Necr      #.........   100%        3    ####...
 Vampiric Draining        Necr           #.........   100%        3    ####...
 Animate Dead             Necr           N/A          100%        4    #####..
 Bolt of Draining         Conj/Necr      #.........   100%        5    ######.


Dungeon Overview and Level Annotations

Branches:
Dungeon (4/12)
 Temple: D:4-7

Altars:


Innate Abilities, Weirdness & Mutations

You are resistant to torment.
Your stone body is resilient. (AC +4)
You are immune to poison.
You resist negative energy. (rN+)
You are resistant to electric shocks. (rElec)
You can survive without breathing.
You are immune to petrification.
You are immune to rotting.


Message History

You kill the orc!
Your shield and chain mail prevent you from hitting the orc priest.
The orc priest hits you but does no damage.
You hit the orc priest but do no damage.
You drain the orc priest.
The orc priest is moderately wounded.
The orc priest calls down the wrath of Beogh upon you.
Beogh smites you!
* * * LOW HITPOINT WARNING * * *
You hit the orc priest but do no damage.
The orc priest is moderately wounded.
Your chain mail prevents you from hitting the orc priest.
The orc priest is moderately wounded.
The orc priest hits you but does no damage.
You are feeling hungry.
Your shield and chain mail prevent you from hitting the orc priest.
The orc priest is moderately wounded.
The orc priest mumbles some strange prayers to Beogh against you.
Beogh smites you!
You die...

#.#
#.###.##
#.#
#.###...
#.#
#.......
#.#
#######>
#.# ### #.
#.# ....
#. #.#
..... #.
#.##o.....
#.
#.@oo.....
#.
####o.....
######
....$
......
....
###### .##
#


You could see an orc priest and 3 orcs.

Vanquished Creatures
  A crocodile (D:3)
  A scorpion (D:3)
  A jelly (D:4)
  Terence (D:3)
  Jessica (D:3)
  An orc wizard (D:3)
  Natasha (twice) (D:3)
  A worker ant (D:4)
  3 adders
  3 gnolls (D:4)
  An ooze (D:3)
  A worm (D:2)
  2 dart slugs
  2 leopard geckos
  7 orcs
  2 ball pythons
  4 bats
  2 giant cockroaches
  6 goblins
  2 hobgoblins
  6 jackals (D:3)
  8 kobolds
  4 quokkas
  2 frilled lizards
  A jackal skeleton (D:2)
  6 rats
71 creatures vanquished.

Notes
Turn   | Place    | Note
-------+----------+-------------------------------------------
     0 | D:1      | Mrkan the Gargoyle Fighter began the quest for the Orb.
     0 | D:1      | Reached XP level 1. HP: 14/14 MP: 1/1
   326 | D:1      | Reached XP level 2. HP: 19/19 MP: 2/2
  1191 | D:2      | Reached XP level 3. HP: 21/23 MP: 3/3
  1841 | D:3      | Noticed a scorpion
  1853 | D:3      | Killed a scorpion
  1853 | D:3      | Reached XP level 4. HP: 21/29 MP: 4/4
  1915 | D:3      | Noticed a crocodile
  1970 | D:3      | Killed a crocodile
  1970 | D:3      | Reached XP level 5. HP: 8/33 MP: 5/5
  2371 | D:3      | Reached XP level 6. HP: 38/38 MP: 6/6
  2554 | D:3      | Noticed Natasha
  2562 | D:3      | Killed Natasha
  2570 | D:3      | Noticed Terence
  2579 | D:3      | Killed Terence
  2620 | D:3      | Noticed Natasha
  2623 | D:3      | Killed Natasha
  2973 | D:3      | Noticed Jessica
  2985 | D:3      | Killed Jessica
  3194 | D:4      | Got a shimmering trident
  3203 | D:4      | Reached XP level 7. HP: 38/44 MP: 7/7
  3411 | D:4      | Killed from afar by an orc priest

Skill      XL: |  1  2  3  4 |
---------------+-------------+-----
Maces & Flails | 3 4 |  4.9
Fighting       | 4 |  4.8
Armour         | 4 |  4.8
Shields        | 4 |  4.8

Action                   |  1- 3 |  4- 6 |  7- 9 || total
-------------------------+-------+-------+-------++-------
Melee: Flail             |   154 |    92 |       ||   246
       Whip              |       |    30 |    27 ||    57
  Use: Potion            |       |     1 |     1 ||     2
  Eat: Chunk             |     3 |     5 |       ||     8
Armor: Scale mail        |    89 |    61 |       ||   150
       Chain mail        |       |    15 |     6 ||    21
Dodge: Dodged            |    54 |    31 |     3 ||    88
       Deflected         |     5 |       |       ||     5
Block: Shield            |    76 |    63 |    10 ||   149
